AoeStats
← Cardinal Richelieu

Arena

509257118Analyzed
3v3 RM · 7d ago on Sep 26, 2026· 55m 42s· 6 players
Game mode
Random Map
Map size
Normal (6 player)
Population
200
Speed
Normal
Resources
Standard
Victory
Conquest
Starting age
Dark Age
Ending age
Imperial Age
RankedLock teamsTeams togetherTeam positionsShared explorationLock speedFull tech treeHidden civsTurbo modeCheats
Victory
Defeat
🇺🇸 Bohemians · United States
772
+26
🇲🇽 Ethiopians · Mexico
745
+17
🇲🇽 Byzantines · Mexico
712
+18
🇺🇸 Danes · United States
805
-19
🇺🇸 Bohemians · United States
775
-17
🇺🇸 Varangians · United States
696
-14
GabrielLeal16
11:08 Feudal Age
16:38 Castle Age
16:04 Wheelbarrow
16:31 Town Watch
17:08 Horse Collar
17:17 Double-Bit Axe
18:05 Heavy Plow
21:20 Bow Saw
23:45 Pikeman
24:26 Squires
30:20 Wagenburg Tactics
35:47 Hand Cart
38:03 Imperial Age
40:55 Elite Hussite Wagon
42:57 Chemistry
44:06 Two-Man Saw
43:11 Padded Archer Armor
43:01 Fletching
43:37 Houfnice
gabmtzf23
8:50 Loom
11:43 Feudal Age
16:10 Castle Age
15:07 Double-Bit Axe
15:24 Horse Collar
17:53 Wheelbarrow
19:10 Bow Saw
19:07 Heavy Plow
19:44 Gold Mining
24:59 Town Watch
26:03 Hand Cart
27:40 Town Patrol
29:09 Fletching
29:21 Padded Archer Armor
30:17 Thumb Ring
30:24 Crossbowman
31:05 Bodkin Arrow
31:26 Leather Archer Armor
35:42 Imperial Age
34:12 Caravan
35:47 Heavy Scorpion
37:16 Gold Shaft Mining
36:32 Stone Mining
37:07 Elite Shotel Warrior
38:18 Forging
38:09 Scale Mail Armor
38:10 Bracer
38:39 Arbalester
41:06 Iron Casting
40:47 Chain Mail Armor
41:03 Ring Archer Armor
48:37 Blast Furnace
48:07 Plate Mail Armor
52:31 Chemistry
51:52 Ballistics
GRIFOLYON
11:34 Feudal Age
12:01 Double-Bit Axe
12:45 Horse Collar
15:47 Wheelbarrow
20:59 Castle Age
19:56 Gold Mining
21:51 Bow Saw
21:44 Heavy Plow
25:03 Pikeman
31:32 Forging
46:40 Hand Cart
46:32 Stone Mining
Cosecant
6:54 Loom
12:33 Feudal Age
13:38 Man-at-Arms
14:04 Arson
15:02 Double-Bit Axe
20:33 Castle Age
22:27 Husbandry
25:00 Elite Skirmisher
25:35 Fletching
25:48 Padded Archer Armor
25:39 Long Swordsman
26:22 Squires
30:12 Pikeman
33:29 Wagenburg Tactics
34:16 Light Cavalry
38:02 Imperial Age
36:48 Ballistics
36:24 Murder Holes
39:28 Cavalier
39:34 Two-Handed Swordsman
42:06 Chemistry
40:40 Halberdier
44:03 Champion
44:46 Guard Tower
45:36 Bombard Tower
46:22 Capped Ram
47:26 Scale Barding Armor
47:32 Forging
47:23 Scale Mail Armor
48:20 Heavy Scorpion
50:11 Arrowslits
50:17 Guard Tower
D'Artagnaaan!
11:31 Feudal Age
15:26 Castle Age
13:21 Double-Bit Axe
13:25 Horse Collar
15:19 Scale Mail Armor
15:35 Loom
18:34 Forging
20:44 Heavy Plow
23:05 Bow Saw
24:01 Chain Mail Armor
25:30 Iron Casting
24:45 Man-at-Arms
25:27 Gambesons
26:13 Long Swordsman
26:56 Squires
39:58 Imperial Age
37:24 Gold Mining
40:11 Onager
40:14 Capped Ram
42:01 Wheelbarrow
40:58 Two-Handed Swordsman
42:09 Arson
41:54 Champion
44:56 Elite Varangian Guard
Cardinal Richelieu
10:18 Feudal Age
11:30 Loom
12:53 Double-Bit Axe
18:05 Castle Age
19:32 Fletching
23:27 Bloodlines
30:40 Bodkin Arrow
36:46 Wheelbarrow
38:15 Husbandry
40:10 Ballistics
45:05 Imperial Age
46:16 Cavalier
46:19 Crossbowman
47:21 Padded Archer Armor
49:59 Scale Barding Armor
Connection lost

Rejoining the realm…

Still unreachable

The connection could not be restored.

Session expired

The server has moved on; the page needs a fresh start.